 Dungeon Crawl Stone Soup version 0.28.0-53-g5a82cb258f (webtiles) character file.

Game seed: 17512737096010170380

154 MiltankisOP the Chopper (level 5, -1/41 HPs)
             Began as a Demonspawn Chaos Knight on July 13, 2022.
             Was a Plaything of Xom.
             Killed from afar by Natasha (8 damage)
             ... with a magic dart
             ... on level 3 of the Dungeon.
             The game lasted 00:06:58 (4105 turns).

MiltankisOP the Chopper (Demonspawn Chaos Knight)   Turns: 4105, Time: 00:06:59

Health: -1/41      AC:  7    Str: 14    XL:     5   Next: 13%
Magic:  5/5        EV: 18    Int: 14    God:    Xom [...*..]
Gold:   75         SH:  0    Dex: 12    Spells: 4/4 levels left

rFire   + + .      SeeInvis .   (weapon currently unavailable)
rCold   + + .      Faith    .   (shield currently unavailable)
rNeg    + + +      Spirit   .   (armour currently unavailable)
rPois   ∞          Reflect  .   (helmet currently unavailable)
rElec   +          Harm     .   (cloak currently unavailable)
rCorr   +          Rampage  .   (gloves currently unavailable)
Will    .....                   (boots currently unavailable)
Stlth   +.........              (amulet currently unavailable)
HPRegen 0.00/turn               (ring currently unavailable)
MPRegen 0.09/turn               (ring currently unavailable)

@: wisp-form (expiring), flying, inhibited regen, slowed, unable to read, very
slow
A: insubstantial, flying, no casting, tiny, foul stench 1, powered by death 1,
(fangs 1), inhibited regeneration, inability to read while threatened
a: Renounce Religion


You were on level 3 of the Dungeon.
You worshipped Xom.
You were a favourite toy of Xom.
You were an insubstantial wisp.
You visited 1 branch of the dungeon, and saw 3 of its levels.

You collected 75 gold pieces.

Inventory:

Hand Weapons
 a - a +0 hand axe of chaos (melded)
Missiles
 i - 5 poisoned darts
 k - 4 boomerangs (quivered)
Armour
 b - a +2 leather armour (melded)
 j - a +0 chain mail
Wands
 o - a wand of iceblast (6)
Scrolls
 h - a scroll of magic mapping {unknown}
 l - 3 scrolls of identify {unknown}
Potions
 c - a potion of curing {unknown}
 d - a potion of might {unknown}
 e - a potion of heal wounds {unknown}
 f - 2 potions of haste {unknown}
 g - a potion of degeneration {unknown}
 m - 2 potions of flight {unknown}
 n - a potion of experience {unknown}


   Skills:
 - Level 3.0 Fighting
 + Level 5.3 Axes
 - Level 1.7 Armour
 - Level 0.8 Dodging


You had 4 spell levels left.
You didn't know any spells.
Your spell library contained the following spells:

 Spells                   Type           Power      Damage    Failure   Level
 Call Canine Familiar     Summ           0%         N/A       65%         3
 Gell's Gravitas          Tloc           0%         N/A       65%         3
 Lesser Beckoning         Tloc           0%         N/A       65%         3
 Portal Projectile        Hex/Tloc       0%         N/A       65%         3
 Teleport Other           Tloc           0%         N/A       65%         3
 Leda's Liquefaction      Hex/Erth       0%         N/A       96%         4


Dungeon Overview and Level Annotations

Branches:
Dungeon (3/15)

Altars:
Gozag
Sif Muna
Xom

Shops:
D:3 *

Annotations:
D:3 Natasha


Innate Abilities, Weirdness & Mutations

You are an insubstantial wisp.
Your tiny insubstantial body is highly resistant to most damage types.
You are flying.
Your equipment is entirely melded.
You are incapable of wielding weapons or throwing items.
You cannot cast spells.
You may rarely emit foul miasma when damaged in melee.
You regenerate a little health from kills.
((You have very sharp teeth.))
You do not regenerate when monsters are visible.
You sometimes lose the ability to read scrolls when taking damage.


Message History

You're too confused to move!
Natasha casts a spell at you.
You feel yourself slow down.
You touch Natasha.
Natasha is severely wounded.
Natasha casts a spell at you. You resist with some effort.
You touch Natasha.
Natasha is almost dead.
Natasha stares at you and mumbles some strange words.
The magic dart hits you!
You feel threatened and lose the ability to read scrolls!
Natasha claws you.
Natasha casts a spell.
You feel less confused. Natasha barely misses you.
Natasha completely misses you.
You touch Natasha but do no damage.
Natasha is severely wounded.
Natasha casts a spell at you. The magic dart hits you.
The iron imp completely misses you.
You touch Natasha.
Natasha is almost dead. "Time to have some fun!"
You are now a favourite toy of Xom.
Natasha casts a spell.
The iron imp completely misses you.
Natasha stares at you and mumbles some strange words.
The magic dart hits you!
* * * LOW HITPOINT WARNING * * *
Your transformation is almost over.
Natasha stares at you and mumbles some strange words.
The magic dart hits you.
* * * LOW HITPOINT WARNING * * *
The iron imp misses you. The crimson imp misses you. The iron imp hits you.
* * * LOW HITPOINT WARNING * * *
The crimson imp blinks!
Natasha casts a spell at you. The magic dart hits you!
You die...
Xom howls with laughter!

#.. ........<.... #.#
#######.##### #.# #.#
#.# #.##### #.# #......
#.##########..####
#######.##..........#
.........'..........####
#######v##..............
#......##.######.######
#.5.55§##.# #.#...).
#....5h##.# #.#.####
#......##.# #.#.#
#......##.# #.#.#
####......##.# #.#.#
..........##.# #.#.#
#..........# #.#.#


You could see an iron imp (summoned), Natasha, a crimson imp (summoned), a white
imp (summoned) and a shadow imp (summoned).

Vanquished Creatures
  Natasha (D:3)
  Terence (D:3)
  Ijyb (D:3)
  An adder (D:2)
  2 worms (D:2)
  4 dart slugs (D:1)
  An orc (D:3)
  5 endoplasms
  6 goblins
  A hobgoblin (D:3)
  8 jackals
  4 kobolds
  4 quokkas
  6 ball pythons
  3 bats
  4 frilled lizards
  3 rats
55 creatures vanquished.

Notes
Turn   | Place    | Note
-------+----------+-------------------------------------------
     0 | D:1      | MiltankisOP the Demonspawn Chaos Knight began the quest for
                  | the Orb.
     0 | D:1      | Reached XP level 1. HP: 18/18 MP: 1/1
    60 | D:1      | XOM: silly message
    64 | D:1      | XOM: silly message
    86 | D:1      | Reached skill level 3 in Axes
   102 | D:1      | XOM: butterfly on damage
   227 | D:1      | Gained mutation: You may rarely emit foul miasma when
                  | damaged in melee. [demonic ancestry]
   227 | D:1      | Reached XP level 2. HP: 24/24 MP: 2/2
   362 | D:1      | XOM: potion effect (haste)
   384 | D:1      | XOM: silly message
   510 | D:1      | XOM: divination: detect items
   812 | D:1      | Reached XP level 3. HP: 28/29 MP: 3/3
   842 | D:1      | XOM: cloud trail
   881 | D:1      | XOM: torment (15/29 hp)
  1002 | D:1      | XOM: scenery: create altars
  1024 | D:1      | XOM: scenery: summon butterflies
  1225 | D:1      | Found a faded altar of an unknown god.
  1430 | D:2      | XOM: summons 2 hostile demons
  1431 | D:2      | Noticed an orange demon
  1596 | D:2      | Reached skill level 4 in Axes
  1646 | D:2      | XOM: summons 1 hostile shadow creature
  1809 | D:2      | XOM: noise
  2324 | D:2      | XOM: swap monsters
  2579 | D:2      | XOM: stat loss: -1 Dex (7/12)
  2951 | D:2      | XOM: give mutations
  2951 | D:2      | Gained mutation: You sometimes lose the ability to read
                  | scrolls when taking damage. [Xom's mischief]
  2951 | D:2      | Gained mutation: You occasionally shout uncontrollably at
                  | your foes. [Xom's mischief]
  2951 | D:2      | Gained mutation: You are weak. (Str -2) [Xom's mischief]
  2951 | D:2      | Gained mutation: You have very sharp teeth. [Xom's
                  | mischief]
  2978 | D:3      | Noticed Terence
  3008 | D:3      | XOM: give mutation
  3008 | D:3      | Lost mutation: You occasionally shout uncontrollably at
                  | your foes. [Xom's mischief]
  3020 | D:3      | Killed Terence
  3021 | D:3      | Gained mutation: You regenerate a little health from kills.
                  | [demonic ancestry]
  3021 | D:3      | Reached XP level 4. HP: 20/35 MP: 4/4
  3103 | D:3      | XOM: 1-stop teleportation journey
  3157 | D:3      | Found an opulent altar of Gozag.
  3352 | D:3      | XOM: 5-stop teleportation journey
  3365 | D:3      | Found a shimmering blue altar of Sif Muna.
  3389 | D:3      | Found Diat's General Store.
  3483 | D:3      | XOM: scenery: 1 doors open
  3493 | D:3      | Noticed Natasha
  3507 | D:3      | Killed Natasha
  3508 | D:3      | Reached skill level 5 in Axes
  3534 | D:3      | XOM: give mutations
  3534 | D:3      | Gained mutation: You are clumsy. (Dex -2) [Xom's mischief]
  3534 | D:3      | Lost mutation: You are weak. (Str -2) [Xom's mischief]
  3534 | D:3      | Lost mutation: You sometimes lose the ability to read
                  | scrolls when taking damage. [Xom's mischief]
  3534 | D:3      | Lost mutation: You are clumsy. (Dex -2) [Xom's mischief]
  3919 | D:3      | Noticed Ijyb
  3927 | D:3      | Killed Ijyb
  3928 | D:3      | Reached XP level 5. HP: 24/41 MP: 5/5
  4083 | D:3      | Noticed Natasha
  4093 | D:3      | XOM: confusion
  4094 | D:3      | XOM: give mutations
  4094 | D:3      | Gained mutation: You do not regenerate when monsters are
                  | visible. [Xom's mischief]
  4094 | D:3      | Gained mutation: You sometimes lose the ability to read
                  | scrolls when taking damage. [Xom's mischief]
  4101 | D:3      | XOM: summons 2 hostile demons
  4105 | D:3      | Killed from afar by Natasha

Illustrated notes

Levels and vault maps discovered:
D:1:      eino_arrival_tree_alley, layout_rooms, serial_co_window_serial,
          co_window_corner_a, co_window_corner_a, co_window_paths_a,
          co_window_of_opportunity_a, co_window_corner_a, co_window_broadway_a,
          co_window_of_opportunity_b, co_window_2corner, co_window_corner_b,
          co_window_unsneaky_path_a, glass_columns_b,
          hellmonk_ecumenical_altar_leap_of_faith
D:2:      layout_loops_ring
D:3:      layout_basic, mainiacjoe_overflow_six_doors_small,
          mainiacjoe_overflow_24_doors, serial_shops,
          nicolae_shop_temple_entry_statues_fountains, uniq_terence, uniq_ijyb,
          uniq_natasha

Skill      XL: |  1  2  3  4 |
---------------+-------------+-----
Axes           | 3 4 5 |  5.3
Fighting       | |  3.0
Armour         | |  1.7
Dodging        | |  0.8

Action                   |  1- 3 |  4- 6 || total
-------------------------+-------+-------++-------
Melee: Hand axe          |   126 |    57 ||   183
       Punch             |     5 |       ||     5
       Bite              |     2 |     5 ||     7
       Unarmed           |       |    10 ||    10
Throw: Boomerang         |     6 |       ||     6
       Dart              |     5 |       ||     5
 Stab: Petrifying        |       |     1 ||     1
       Sleeping          |       |     1 ||     1
Armor: Leather armour    |    59 |    12 ||    71
Dodge: Dodged            |    78 |    39 ||   117
